 Dungeon Crawl Stone Soup version 0.25-a0-701-gb30f108f01 (webtiles) character file.

Game seed: 586583871064635124, levelgen mode: deterministic

6265 Amnesiac the Eclecticist (level 10, -1/50 HPs)
             Began as a Deep Elf Wizard on Apr 4, 2020.
             Was a Believer of Vehumet.
             Shot with an arrow by a centaur warrior (12 damage)
             ... on level 9 of the Dungeon.
             The game lasted 00:25:48 (11119 turns).

Amnesiac the Eclecticist (Deep Elf Wizard)         Turns: 11119, Time: 00:25:48

Health: -1/50      AC: 10    Str:  4    XL:     10   Next: 62%
Magic:  18/35      EV: 13    Int: 27    God:    Vehumet [**....]
Gold:   521        SH:  0    Dex: 13    Spells: 35/47 levels left

rFire    . . .     SeeInvis .   a - +4 long sword (flame)
rCold    . . .     Gourm    .   (no shield)
rNeg     . . .     Faith    .   x - +0 steam dragon scales
rPois    .         Spirit   .   g - +0 helmet
rElec    .         Reflect  .   (no cloak)
rCorr    .         Harm     .   (no gloves)
MR       ++...                  (no boots)
Stlth    ++........             (no amulet)
HPRegen  0.16/turn              n - ring of protection from magic
MPRegen  0.24/turn              r - +4 ring of protection

@: very slightly contaminated
A: no striking features
a: Renounce Religion


You were on level 9 of the Dungeon.
You worshipped Vehumet.
Vehumet was pleased with you.
You were not hungry.

You visited 3 branches of the dungeon, and saw 11 of its levels.

You collected 521 gold pieces.

Inventory:

Hand Weapons
 a - a +4 long sword of flaming (weapon)
 u - a +1 whip of electrocution
Armour
 g - a +0 helmet (worn)
 x - +0 steam dragon scales (worn)
Jewellery
 n - a ring of protection from magic (left hand)
 r - a +4 ring of protection (right hand)
Wands
 f - a wand of random effects (24)
 w - a wand of enslavement (2)
Scrolls
 c - 4 scrolls of teleportation {!r}
 e - 5 scrolls of remove curse {!r}
 i - 3 scrolls of blinking {!r}
 j - a scroll of identify {!r}
 p - a scroll of fear {!r}
 s - a scroll of enchant armour {!r}
Potions
 b - 2 potions of flight {!q}
 k - a potion of haste {!q}
 m - a potion of brilliance {!q, unknown}
 o - a potion of might {!q}
 q - a potion of ambrosia {!q}
 t - a potion of berserk rage {!q}
 z - a potion of curing {!q}
Comestibles
 d - 15 rations
 l - 13 chunks of flesh


   Skills:
 - Level 2.4 Dodging
 - Level 2.4 Stealth
 + Level 19.3 Spellcasting
 - Level 1.1 Conjurations
 - Level 1.1 Summonings
 - Level 1.1 Translocations


You had 35 spell levels left.
You knew the following spells:

 Your Spells              Type           Power        Failure   Level  Hunger
a - Shock                 Conj/Air       ####         1%          1    None
b - Call Imp              Summ           ####....     1%          2    None
c - Magic Dart            Conj           ####         1%          1    None
e - Mephitic Cloud        Conj/Pois/Air  ####....     4%          3    None
s - Conjure Flame         Conj/Fire      ####....     4%          3    None
v - Blink                 Tloc           N/A          1%          2    None

Your spell library contained the following spells:

 Spells                   Type           Power        Failure   Level  Hunger
 Slow                     Hex            ####....     2%          2    None


Dungeon Overview and Level Annotations

Branches:
Dungeon (9/15)             Temple (1/1) D:7            Lair (1/6) D:9
    Orc: D:9-12

Altars:
Cheibriados
Dithmenos
Hepliaklqana
Kikubaaqudgha
Makhleb
Nemelex Xobeh
Okawaru
Qazlal
Sif Muna
Uskayaw
Vehumet
Xom
Yredelemnul
Zin


Message History

The centaur warrior appears confused.
The centaur warrior barely misses you.
You riposte.
You barely miss the centaur warrior.
The centaur warrior is engulfed in noxious fumes.
The centaur warrior is engulfed in noxious fumes.
The centaur warrior appears confused.
Casting: Mephitic Cloud (safe; 4% risk of failure)
Confirm with . or Enter, or press ? or * to list all spells.
Aiming: Mephitic Cloud (safe; 4% risk of failure)
Press: ? - help, Shift-Dir - straight line, f/p - centaur warrior
Aim: a centaur warrior, quivering 16 arrows (lightly wounded, confused)
You miscast Mephitic Cloud.
You are very lightly contaminated with residual magic.
You feel sick.
Casting: Mephitic Cloud (safe; 4% risk of failure)
Confirm with . or Enter, or press ? or * to list all spells.
Aiming: Mephitic Cloud (safe; 4% risk of failure)
Press: ? - help, Shift-Dir - straight line, f/p - centaur warrior
Aim: a centaur warrior, quivering 16 arrows (confused) That beam is likely to hit you.
Continue anyway?
The ball explodes into a vile cloud!
The stinking cloud engulfs the centaur warrior but does no damage.
The stinking cloud engulfs you but does no damage.
You are engulfed in noxious fumes.
You choke on the stench!
You are confused.
The centaur warrior is engulfed in noxious fumes.
The centaur warrior closely misses you.
The centaur warrior is engulfed in noxious fumes.
The centaur warrior appears confused.
You are engulfed in noxious fumes.
You choke on the stench!
You are more confused.
* * * LOW HITPOINT WARNING * * *
The centaur warrior is engulfed in noxious fumes.
The centaur warrior completely misses you.
You feel less confused.
The centaur warrior is engulfed in noxious fumes.
Evoke which item? (* to show all) (? for menu, Esc to quit)
Aiming: Enslavement
Press: ? - help, Shift-Dir - straight line, f/p - centaur warrior
Aim: a centaur warrior, quivering 16 arrows (confused, chance to defeat MR: 28%)
The centaur warrior easily resists.
Evoke which item? (* to show all) (? for menu, Esc to quit)
Aiming: Enslavement
Press: ? - help, Shift-Dir - straight line, f/p - centaur warrior
Aim: a centaur warrior, quivering 16 arrows (confused, chance to defeat MR: 28%)
The centaur warrior easily resists.
The centaur warrior hits you but does no damage.
Evoke which item? (* to show all) (? for menu, Esc to quit)
Aiming: Enslavement
Press: ? - help, Shift-Dir - straight line, f/p - centaur warrior
Aim: a centaur warrior, quivering 16 arrows (confused, chance to defeat MR: 28%)
The centaur warrior easily resists.
You see here 3 arrows.
There is a staircase to the Lair here.
You climb downwards.
Welcome to the Lair of Beasts!
A basilisk and a crocodile come into view.
There is a staircase back to the Dungeon here.
You climb upwards.
Welcome back to the Dungeon!
There is a staircase to the Lair here.
The centaur warrior wields a +2 vorpal shortbow.
The centaur warrior shoots an arrow.
The arrow hits you!
* * * LOW HITPOINT WARNING * * *
x2 You see here an arrow.
The centaur warrior shoots an arrow.
The arrow hits you!
You die...

#..............##........#
#.......###....c.........#
#....#...≈.(.#c..........#
#..#...#(.#..........#
#.##...##.#..........#
#....PP...#######....#
#≈..P>.(.≈##....####.#
#..(P.P...##.......#.#
#.##P..##@##.......#.#
+####..#..#..)#..#'.c.....#.#
........#...≈...#.######(.'.#
...........###.........####.#
............................#
........#.....#[............#
........#.....#.............#
........#.....#[............#
........#######.............#


You could see a centaur warrior.

Vanquished Creatures
  A two-headed ogre (D:8)
  An unseen horror (D:8)
  Pikel (D:7)
  Maurice (D:9)
  Joseph (D:7)
  A troll (D:9)
  A hungry ghost (D:8)
  A steam dragon (D:8)
  An ice beast (D:7)
  A sky beast (D:8)
  An orc warrior (D:8)
  4 slaves (D:8)
  5 ogres
  A phantom (D:4)
  4 centaurs
  A crocodile (D:9)
  2 big kobolds (D:8)
  6 bullfrogs
  A wyvern zombie (D:8)
  A scorpion (D:6)
  A wyvern skeleton (D:6)
  5 killer bees (D:8)
  A howler monkey (D:6)
  5 crimson imps
  A bullfrog zombie (D:6)
  A centaur zombie (D:8)
  A quasit (D:6)
  A gnoll shaman (D:8)
  5 orc priests
  2 jellies
  8 orc wizards
  2 bullfrog skeletons
  Jessica (D:2)
  4 iguanas
  3 worker ants
  A hound zombie (D:7)
  A hound skeleton (D:5)
  Robin (D:3)
  11 gnolls
  13 adders
  A shadow imp (D:7)
  2 oozes (D:1)
  2 adder skeletons
  An adder zombie (D:5)
  A dart slug (D:2)
  3 leopard geckos
  23 orcs
  2 ball pythons (D:1)
  5 bats
  2 giant cockroaches
  10 goblins
  6 hobgoblins
  14 jackals
  4 quokkas
  10 frilled lizards
  17 kobolds
  A leopard gecko zombie (D:5)
  A quokka zombie (D:5)
  5 rats
214 creatures vanquished.

Vanquished Creatures (collateral kills)
  Eustachio (D:4)
  The ghost of Ashen the Skirmisher, an amateur FoAK of Lugonu (D:4)
  A killer bee (D:8)
  An adder (D:3)
  An ooze (D:3)
  A dart slug (D:2)
  A leopard gecko (D:2)
  2 jackals (D:3)
9 creatures vanquished.

Vanquished Creatures (others)
  An orc (D:8)
  2 withered plants (D:4)
3 creatures vanquished.

Grand Total: 226 creatures vanquished

Notes
Turn   | Place    | Note
-------+----------+-------------------------------------------
     0 | D:1      | Amnesiac the Deep Elf Wizard began the quest for the Orb.
     0 | D:1      | Reached XP level 1. HP: 10/10 MP: 7/7
    26 | D:1      | Reached skill level 5 in Spellcasting
   101 | D:1      | Reached XP level 2. HP: 15/15 MP: 2/10
   105 | D:1      | Learned a level 2 spell: Blink
   108 | D:1      | Learned a level 2 spell: Call Imp
   906 | D:2      | Noticed Jessica
   910 | D:2      | Killed Jessica
   910 | D:2      | Reached skill level 6 in Spellcasting
   910 | D:2      | Reached XP level 3. HP: 15/19 MP: 6/12
   921 | D:2      | Learned a level 3 spell: Conjure Flame
   925 | D:2      | Learned a level 3 spell: Mephitic Cloud
  1010 | D:2      | Reached XP level 4. HP: 13/24 MP: 3/14
  1093 | D:2      | Reached skill level 7 in Spellcasting
  1865 | D:4      | Noticed Eustachio
  1889 | D:4      | Killed Eustachio
  1889 | D:4      | Reached skill level 8 in Spellcasting
  1889 | D:4      | Reached XP level 5. HP: 21/28 MP: 0/18
  1901 | D:4      | Found a runed translucent door.
  1901 | D:4      | Noticed Ashen's ghost (amateur FoAK)
  1905 | D:4      | Found an ancient bone altar of Kikubaaqudgha.
  2031 | D:4      | Reached skill level 9 in Spellcasting
  2543 | D:3      | Reached XP level 6. HP: 31/32 MP: 10/20
  2607 | D:4      | Noticed Robin
  3016 | D:3      | Killed Robin
  3131 | D:4      | Found a hazy altar of Hepliaklqana.
  3409 | D:4      | Reached skill level 10 in Spellcasting
  3715 | D:5      | Entered Level 5 of the Dungeon
  3811 | D:4      | Reached XP level 7. HP: 17/36 MP: 6/23
  4062 | D:5      | Reached skill level 11 in Spellcasting
  4439 | D:5      | Reached skill level 12 in Spellcasting
  4761 | D:6      | Reached XP level 8. HP: 13/41 MP: 11/26
  5099 | D:6      | Reached skill level 13 in Spellcasting
  5212 | D:6      | Found an iron altar of Okawaru.
  5296 | D:6      | Found a shimmering blue altar of Sif Muna.
  5894 | D:7      | Reached skill level 14 in Spellcasting
  6620 | D:7      | Found a staircase to the Ecumenical Temple.
  6628 | Temple   | Entered the Ecumenical Temple
  6643 | Temple   | Became a worshipper of Vehumet
  7382 | D:3      | Found a glowing silver altar of Zin.
  7461 | D:4      | Killed Ashen's ghost
  7565 | D:7      | Found a burning altar of Makhleb.
  7611 | D:7      | Noticed Joseph
  7664 | D:8      | Reached skill level 15 in Spellcasting
  7664 | D:8      | Reached XP level 9. HP: 32/45 MP: 23/30
  7940 | D:8      | Reached * piety under Vehumet
  7940 | D:8      | Offered knowledge of Foxfire by Vehumet.
  8056 | D:8      | Noticed Pikel
  8087 | D:7      | Killed Pikel
  8087 | D:7      | Reached skill level 16 in Spellcasting
  8137 | D:7      | HP: 2/45 [Joseph/+0 quarterstaff (11)]
  8147 | D:7      | Killed Joseph
  8617 | D:8      | Reached skill level 17 in Spellcasting
  9210 | D:8      | Killed an unseen horror
  9210 | D:8      | Reached skill level 18 in Spellcasting
  9210 | D:8      | Reached XP level 10. HP: 13/50 MP: 20/34
 10130 | D:9      | Noticed Maurice
 10156 | D:9      | Killed Maurice
 10380 | D:8      | Reached ** piety under Vehumet
 10468 | D:9      | Offered knowledge of Shock by Vehumet.
 10471 | D:9      | Learned a level 1 spell: Shock
 10759 | D:9      | Noticed a two-headed ogre
 10796 | D:8      | Killed a two-headed ogre
 10796 | D:8      | Reached skill level 19 in Spellcasting
 10977 | D:9      | Found a staircase to the Lair.
 11050 | D:9      | Noticed a centaur warrior
 11113 | Lair:1   | Entered Level 1 of the Lair of Beasts
 11119 | D:9      | Shot with an arrow by a centaur warrior

Levels and vault maps discovered:
D:1:      dpeg_arrival_houses_and_road, layout_basic, minmay_tetromino_l2
D:2:      layout_basic, kennysheep_jessica_study
D:3:      layout_rooms, lemuel_round_altar, first_ration, lemuel_another_geyser,
          uniq_jessica
D:4:      layout_cave_pools, lemuel_round_altar, gammafunk_ghost_grave,
          lemuel_statue_altar, uniq_eustachio, uniq_robin
D:5:      layout_cave_pools
D:6:      minmay_general_purpose_star, layout_rooms, okawaru_trees_1,
          serial_rivers, chequers_serial_rivers_room_b,
          chequers_serial_rivers_large_a, chequers_serial_rivers_room_b,
          chequers_serial_rivers_micro_d, led_sif_pool
D:7:      layout_rooms, minmay_temple_entry_statues_pillars, basic_altar,
          uniq_joseph
D:8:      layout_layer_cave, uniq_pikel
D:9:      layout_irregular_city, dpeg_oklobed_lair, uniq_maurice
Temple:   hc_temple_tempest_star
Lair:1:   dragon1_lemuel, layout_misc_corridors

Skill      XL: |  1  2  3  4  5  6  7  8  9 10 |
---------------+-------------------------------+-----
Spellcasting   | 5 6 8 9 10 12 15 18 19 | 19.3
Dodging        | |  2.4
Stealth        | |  2.4
Conjurations   | |  1.1
Summonings     | |  1.1
Translocations | |  1.1

Action                   |  1- 3 |  4- 6 |  7- 9 | 10-12 || total
-------------------------+-------+-------+-------+-------++-------
Melee: Unarmed           |     1 |     4 |       |       ||     5
       Falchion          |       |     2 |     4 |       ||     6
       Long sword        |       |       |       |     2 ||     2
 Cast: Magic Dart        |    63 |   196 |   459 |   145 ||   863
       Call Imp          |       |    18 |    14 |     3 ||    35
       Mephitic Cloud    |       |     4 |    30 |    29 ||    63
       Blink             |       |       |     2 |     1 ||     3
       Conjure Flame     |       |       |    11 |     6 ||    17
       Shock             |       |       |       |    49 ||    49
Evoke: Wand              |       |     4 |     2 |     6 ||    12
  Use: Potion            |       |     4 |     1 |     2 ||     7
       Scroll            |       |     6 |    14 |       ||    20
 Stab: Confused          |       |     1 |       |       ||     1
  Eat: Chunk             |       |     8 |    16 |     3 ||    27
       Ration            |       |       |     1 |       ||     1
Armor: Robe              |     8 |     9 |       |       ||    17
       Leather armour    |       |    12 |    43 |       ||    55
       Steam dragon scal |       |       |     7 |    15 ||    22
Dodge: Dodged            |    12 |    69 |   101 |    48 ||   230
       Rpst.: Falchion   |       |     3 |    11 |       ||    14
       Long sword        |       |       |    13 |    11 ||    24

Table legend:
 A = Non-vault XP
 B = Vault XP
 C = Vault XP percentage of total XP
 D = Non-vault monster count
 E = Vault monster count
 F = Vault count percentage of total count
                 A         B        C        D         E       F
            +---------+---------+-------+---------+---------+-------
      Total |    7086 |    1864 |  20.8 |     196 |      23 |  10.5
            +---------+---------+-------+---------+---------+-------
        D:1 |      30 |       1 |   3.2 |      13 |       1 |   7.1
        D:2 |      75 |      39 |  34.2 |      16 |       2 |  11.1
        D:3 |      99 |      34 |  25.6 |      26 |      11 |  29.7
        D:4 |     455 |     222 |  32.8 |      17 |       3 |  15.0
        D:5 |     425 |       0 |   0.0 |      10 |       0 |   0.0
        D:6 |     713 |      60 |   7.8 |      21 |       3 |  12.5
        D:7 |     734 |    1005 |  57.8 |      20 |       2 |   9.1
        D:8 |    3737 |       0 |   0.0 |      50 |       0 |   0.0
        D:9 |     818 |     503 |  38.1 |      23 |       1 |   4.2
            +---------+---------+-------+---------+---------+-------
